 Dungeon Crawl Stone Soup version 0.30-a0-618-gd6c86c23d0 (webtiles) character file.

Game seed: 1116859033576154151

289 Leeroy the Covert (level 6, 0/32 HPs)
             Began as a Kobold Enchanter on Jan 9, 2023.
             Killed from afar by an orc wizard (10 damage)
             ... with a magic dart
             ... on level 3 of the Dungeon.
             The game lasted 00:07:09 (2005 turns).

Leeroy the Covert (Kobold Enchanter)                Turns: 2005, Time: 00:07:10

Health: 0/32       AC:  2    Str:  6    XL:     6   Next: 57%
Magic:  3/18       EV: 15    Int: 16    God:
Gold:   95         SH:  0    Dex: 17    Spells: 7/9 levels left

rFire   . . .      SeeInvis .    a - +1 dagger
rCold   . . .      Faith    .    (no shield)
rNeg    . . .      Spirit   .    b - +0 robe
rPois   .          Reflect  .    (no helmet)
rElec   .          Harm     .    (no cloak)
rCorr   .          Rampage  .    (no gloves)
Will    .....                    (no boots)
Stlth   +++++                    (no amulet)
HPRegen 0.25/turn                k - ring of magical power
MPRegen 0.16/turn                (no ring)

@: very slightly contaminated
A: small, no large weapons, nightstalker 3
a: no special abilities


You were on level 3 of the Dungeon.
You visited 1 branch of the dungeon, and saw 3 of its levels.

You collected 95 gold pieces.

Inventory:

Hand Weapons
 a - a +1 dagger (weapon)
Missiles
 h - 3 poisoned darts (quivered)
Armour
 b - a +0 robe (worn)
Jewellery
 e - a ring of fire
 k - a ring of magical power (left hand)
Scrolls
 d - 4 scrolls of enchant armour {unknown}
 g - a scroll of enchant weapon {unknown}
 i - a scroll of vulnerability {unknown}
 j - 2 scrolls of fear {unknown}
 l - a scroll of amnesia {unknown}
 p - 3 scrolls of identify {unknown}
 q - a scroll of teleportation {unknown}
Potions
 c - a potion of invisibility
 f - a potion of degeneration {unknown}
 m - 3 potions of curing {unknown}
 n - a potion of brilliance {unknown}
 o - a potion of flight {unknown}


   Skills:
 - Level 1.3 Short Blades
 - Level 2.4 Dodging
 + Level 9.6 Stealth
 - Level 2.1 Spellcasting
 - Level 3.0 Hexes
 - Level 0.9 Ice Magic


You had 7 spell levels left.
You knew the following spells:

 Your Spells              Type           Power      Damage    Failure   Level
a - Ensorcelled Hibernat  Hex/Ice        16%        N/A       14%         2

Your spell library contained the following spells:

 Spells                   Type           Power      Damage    Failure   Level
 Confusing Touch          Hex            11%        N/A       19%         3
 Tukima's Dance           Hex            11%        N/A       19%         3
 Dazzling Flash           Conj/Hex       12%        N/A       32%         3
 Ozocubu's Armour         Ice            4%         N/A       38%         3
 Metabolic Englaciation   Hex/Ice        4%         N/A       94%         5
 Simulacrum               Ice/Necr       1%         N/A       100%        6


Dungeon Overview and Level Annotations

Branches:
Dungeon (3/15)

Altars:


Innate Abilities, Weirdness & Mutations

You are small and have problems with some larger weapons.
You are completely attuned to the shadows.


Message History

Confirm with . or Enter, or press ? or * to list all spells.
Aiming: Ensorcelled Hibernation (safe; 14% risk of failure)
Press: ? - help, Shift-Dir - straight line, f/p - orc
Aim: an orc, wielding a +0 club (chance to affect: 59%)
The orc resists with significant effort.
The orc barely misses you.
Casting: Ensorcelled Hibernation (safe; 14% risk of failure)
Confirm with . or Enter, or press ? or * to list all spells.
Aiming: Ensorcelled Hibernation (safe; 14% risk of failure)
Press: ? - help, Shift-Dir - straight line, f/p - orc
Aim: an orc, wielding a +0 club (chance to affect: 59%)
The orc looks drowsy...
The helpless orc fails to defend itself.
You perforate the orc like a sieve!!!
You kill the orc!
The orc attacks as you move away! The orc hits you with a +0 hand axe.
Casting: Ensorcelled Hibernation (safe; 14% risk of failure)
Confirm with . or Enter, or press ? or * to list all spells.
Aiming: Ensorcelled Hibernation (safe; 14% risk of failure)
Press: ? - help, Shift-Dir - straight line, f - orc
Aim: an orc, wielding a +0 hand axe and wearing a +0 ring mail (chance to affect: 59%)
You miscast Ensorcelled Hibernation.
Nothing appears to happen.
The orc misses you.
Casting: Ensorcelled Hibernation (safe; 14% risk of failure)
Confirm with . or Enter, or press ? or * to list all spells.
Aiming: Ensorcelled Hibernation (safe; 14% risk of failure)
Press: ? - help, Shift-Dir - straight line, f/p - orc
Aim: an orc, wielding a +0 hand axe and wearing a +0 ring mail (chance to affect: 59%)
The orc looks drowsy...
The helpless orc fails to defend itself.
You perforate the orc like a sieve!!!
You kill the orc!
The orc wizard casts a spell at you. The magic dart hits you.
* * * LOW HITPOINT WARNING * * *
The orc wizard casts a spell at you. You resist with some effort.
The orc wizard points at you and mumbles some strange words.
The magic dart hits you!
You die...

## ..#### ##.#...
#[...# #####...#
#......# #....#..#
....... #...##..###
....#
#...##..@|########..#
#...##.##....#..oo..#
#...##.#####o#.####.#
#<..##. #...# #.#
###.### ###.....o...#
#.# ..###..o$.. .#
#.# ### #.#.##. .#
#.# #. .# .# #.#


You could see an orc wizard.

Vanquished Creatures
  Sigmund (D:2)
  Terence (D:2)
  3 gnolls (D:2)
  2 adders (D:2)
  A worm (D:2)
  2 orcs (D:3)
  A ball python (D:1)
  4 endoplasms
  2 goblins (D:1)
  6 hobgoblins
  2 jackals (D:3)
  7 kobolds
  6 quokkas
  A frilled lizard (D:2)
  5 rats
44 creatures vanquished.

Notes
Turn   | Place    | Note
-------+----------+-------------------------------------------
     0 | D:1      | Leeroy the Kobold Enchanter began the quest for the Orb.
     0 | D:1      | Reached XP level 1. HP: 10/10 MP: 3/3
   162 | D:1      | Reached XP level 2. HP: 15/15 MP: 5/5
   165 | D:1      | Learned a level 2 spell: Ensorcelled Hibernation
   293 | D:1      | Reached skill level 5 in Stealth
   694 | D:2      | Reached XP level 3. HP: 19/19 MP: 3/6
   732 | D:2      | Reached skill level 6 in Stealth
   854 | D:2      | Reached XP level 4. HP: 8/24 MP: 7/7
   956 | D:2      | Noticed Sigmund
   977 | D:2      | Killed Sigmund
   978 | D:2      | Reached skill level 9 in Stealth
   978 | D:2      | Reached XP level 5. HP: 28/28 MP: 8/8
   978 | D:2      | Reached XP level 6. HP: 32/32 MP: 9/9
  1353 | D:2      | Noticed Terence
  1362 | D:2      | Killed Terence
  1646 | D:2      | Found a faded altar of an unknown god.
  2005 | D:3      | Killed from afar by an orc wizard

Illustrated notes

Levels and vault maps discovered:
D:1:      wander_arrival_estate, layout_loops_ring
D:2:      layout_loops_cross, hellmonk_ecumenical_altar_inner_sanctum,
          uniq_sigmund, uniq_terence
D:3:      layout_rooms, lemuel_coloured_pillars_altar, serial_bayou_pond_d,
          kennysheep_minor_cross

Skill      XL: |  1  2  3  4 |
---------------+-------------+-----
Stealth        | 5 6 9 |  9.6
Short Blades   | |  1.3
Dodging        | |  2.4
Spellcasting   | |  2.1
Hexes          | |  3.0
Ice Magic      | |  0.9

Action                   |  1- 3 |  4- 6 || total
-------------------------+-------+-------++-------
Melee: Dagger            |    46 |    81 ||   127
       Punch             |     1 |       ||     1
 Cast: Ensorcelled Hiber |     4 |    13 ||    17
  Use: Potion            |       |     1 ||     1
 Stab: Sleeping          |    12 |    20 ||    32
       Distracted        |     1 |     1 ||     2
Armor: Robe              |     3 |     5 ||     8
Dodge: Dodged            |    24 |    85 ||   109

Table legend: (Time is in decaauts)
 A = Elapsed time spent in this place.
 B = Non-inter-level travel time spent in this place.
 C = Inter-level travel time spent in this place.
 D = Time resting spent in this place.
 E = Time spent auto-exploring this place.
 F = Levels seen in this place.
 G = Mean time per level.
                   A        B        C        D        E       F      G
               +--------+--------+--------+--------+--------+-----+--------+
         Total |   1997 |   1932 |     65 |     95 |   1461 |   3 |  665.7 |
       Dungeon |   1997 |   1932 |     65 |     95 |   1461 |   3 |  665.7 |
               +--------+--------+--------+--------+--------+-----+--------+

Top non-repeatable levels by time:
     D:2: 1145 daAuts
     D:1: 729 daAuts
     D:3: 122 daAuts
